 Dungeon Crawl Stone Soup version 0.25-a0-670-g50981ef59b (webtiles) character file.

Game seed: 18374610180116729028, levelgen mode: deterministic

112 Error4North the Firebug (level 4, -1/40 HPs)
             Began as an Ogre Fire Elementalist on Mar 29, 2020.
             Slain by a river rat (4 damage)
             ... in a sewer.
             The game lasted 00:16:30 (3580 turns).

Error4North the Firebug (Ogre Fire Elementalist)    Turns: 3580, Time: 00:16:30

Health: -1/40      AC:  3    Str: 12    XL:     4   Next: 95%
Magic:  2/8        EV: 10    Int: 16    God:
Gold:   128        SH:  0    Dex: 10    Spells: 2/9 levels left

rFire    . . .     SeeInvis .     - Unarmed
rCold    . . .     Gourm    .   (no shield)
rNeg     . . .     Faith    .   a - +0 robe
rPois    .         Spirit   .   (helmet restricted)
rElec    .         Reflect  .   (no cloak)
rCorr    .         Harm     .   (gloves unavailable)
MR       .....                  (boots unavailable)
Stlth    ++........             (no amulet)
HPRegen  0.13/turn              (no ring)
MPRegen  0.11/turn              (no ring)

@: hasted, very quick
A: large, unfitting armour, tough skin 1
a: no special abilities


You were in a sewer.
You were not hungry.

You visited 1 branch of the dungeon, and saw 3 of its levels.
You also visited: Sewer.

You collected 128 gold pieces.

Inventory:

Missiles
 o - 15 stones (quivered)
Armour
 a - a +0 robe (worn)
Jewellery
 b - an uncursed ring of protection from magic
 d - an uncursed ring of protection from magic
 p - an uncursed ring of protection from fire {unknown}
Scrolls
 e - 2 scrolls of remove curse {unknown}
 j - 2 scrolls of identify {unknown}
 l - a scroll of noise {unknown}
 m - a scroll of fear {unknown}
 n - a scroll of teleportation {unknown}
Potions
 g - a potion of haste
 h - 2 potions of might {unknown}
 i - a potion of mutation {unknown}
 k - a potion of lignification {unknown}
Comestibles
 c - 4 rations
 f - 4 chunks of flesh


   Skills:
 + Level 0.8 Fighting
 + Level 0.1 Throwing
 * Level 2.2 Dodging
 * Level 2.0 Stealth
 + Level 1.4 Unarmed Combat
 * Level 3.0 Spellcasting
 * Level 1.3 Conjurations
 * Level 0.3 Hexes
 * Level 3.3 Fire Magic


You had 2 spell levels left.
You knew the following spells:

 Your Spells              Type           Power        Failure   Level  Hunger
a - Foxfire               Conj/Fire      #...         8%          1    #......
b - Conjure Flame         Conj/Fire      #.......     22%         3    ###....
c - Inner Flame           Hex/Fire       #.......     26%         3    ###....

Your spell library contained the following spells:

 Spells                   Type           Power        Failure   Level  Hunger
 Sticky Flame             Conj/Fire      #.......     58%         4    #####..
 Fireball                 Conj/Fire      #.........   90%         5    ######.


Dungeon Overview and Level Annotations

Branches:
Dungeon (3/15)              Sewer (1/1)

Altars:
Cheibriados
Dithmenos
Vehumet
Wu Jian


Innate Abilities, Weirdness & Mutations

You are too large for most types of armour.
You have tough skin. (AC +1)


Message History

You barely miss the river rat.
The river rat is almost dead.
You barely miss the river rat.
The river rat is almost dead.
The river rat bites you!
* * * LOW HITPOINT WARNING * * *
You hit the river rat but do no damage.
The river rat is severely wounded.
The river rat bites you.
* * * LOW HITPOINT WARNING * * *
It was a potion of haste.
You feel yourself speed up. The river rat barely misses you.
You hit the river rat but do no damage.
The river rat is severely wounded.
The river rat bites you.
* * * LOW HITPOINT WARNING * * *
You hit the river rat.
The river rat is almost dead.
The river rat bites you.
You die...

..............≈≈..≈
≈≈≈≈≈.≈..≈≈...≈≈≈≈≈
≈≈≈≈≈≈≈≈≈≈≈≈≈≈≈≈≈≈≈
≈≈≈≈≈≈≈≈≈≈≈≈≈≈≈≈≈≈≈
≈≈≈≈≈≈..≈..≈.≈≈≈≈≈≈
≈≈≈.≈.........≈≈≈≈≈
....≈.........≈≈≈≈≈
..........r........
...........@.......
.................##
...†...##.......##
.....## ##..##...#
r..## ###..## ##..∩
### #∩..## ###
#####


You could see a river rat.

Vanquished Creatures
  2 adders
  A river rat (D:3)
  3 dart slugs
  4 leopard geckos
  An orc (D:3)
  6 bats
  5 giant cockroaches
  7 hobgoblins
  4 jackals (D:2)
  5 kobolds
  4 quokkas
  6 frilled lizards
  9 goblins
  14 rats
71 creatures vanquished.

Vanquished Creatures (others)
  93 foxfires
93 creatures vanquished.

Grand Total: 164 creatures vanquished

Notes
Turn   | Place    | Note
-------+----------+-------------------------------------------
     0 | D:1      | Error4North the Ogre Fire Elementalist began the quest for
                  | the Orb.
     0 | D:1      | Reached XP level 1. HP: 16/16 MP: 3/3
     5 | D:1      | Noticed a vine stalker
     6 | D:1      | Noticed an ogre
    10 | D:1      | Noticed a vampire
    10 | D:1      | Noticed a dwarf
    20 | D:1      | Noticed a minotaur zombie
   213 | D:1      | Reached skill level 1 in Conjurations
   213 | D:1      | Reached XP level 2. HP: 24/24 MP: 2/5
   711 | D:1      | Reached XP level 3. HP: 27/32 MP: 7/7
   721 | D:1      | Learned a level 3 spell: Conjure Flame
   725 | D:1      | Learned a level 3 spell: Inner Flame
  2088 | D:2      | Reached XP level 4. HP: 40/40 MP: 5/8
  2305 | D:2      | Found a shadowy altar of Dithmenos.
  2328 | D:2      | Reached skill level 1 in Unarmed Combat
  2344 | D:2      | Found a radiant altar of Vehumet.
  3277 | D:3      | Found a snail-covered altar of Cheibriados.
  3306 | D:3      | Found an ornate altar of the Wu Jian Council.
  3396 | D:3      | Found a glowing drain.
  3461 | Sewer    | Entered a sewer
  3580 | Sewer    | Slain by a river rat

Levels and vault maps discovered:
D:1:      shiori_arrival_whats_in_store_for_you, layout_loops_ring, st_stairs_8
D:2:      layout_basic, lemuel_crystal_altar, grunt_dithmenos_smoke_and_mirrors
D:3:      layout_loops_corners, nicolae_overflow_crystal_walls, first_ration,
          portal_sewer_entry_b, cheibriados_altar_1
Sewer:    sewer_minmay_treatment

Skill      XL: |  1  2  3  4 |
---------------+-------------+-----
Conjurations   | 1 |  1.3
Fire Magic     | 3 |  3.3
Dodging        | 2 |  2.2
Spellcasting   | 3 |  3.0
Unarmed Combat | 1 |  1.4
Stealth        | 2 |  2.0
Fighting       | |  0.8
Throwing       | |  0.1
Hexes          | |  0.3

Action                   |  1- 3 |  4- 6 || total
-------------------------+-------+-------++-------
Melee: Unarmed           |   196 |   148 ||   344
Throw: Stone             |       |     2 ||     2
 Cast: Foxfire           |    32 |    27 ||    59
       Conjure Flame     |     2 |     1 ||     3
  Use: Potion            |       |     2 ||     2
  Eat: Chunk             |     4 |     5 ||     9
Armor: Robe              |    67 |    49 ||   116
Dodge: Dodged            |   118 |    72 ||   190

Table legend:
 A = Non-vault XP
 B = Vault XP
 C = Vault XP percentage of total XP
 D = Non-vault monster count
 E = Vault monster count
 F = Vault count percentage of total count
                 A         B        C        D         E       F
            +---------+---------+-------+---------+---------+-------
      Total |     138 |      23 |  14.3 |      62 |       9 |  12.7
            +---------+---------+-------+---------+---------+-------
        D:1 |      55 |       2 |   3.5 |      31 |       1 |   3.1
        D:2 |      60 |       0 |   0.0 |      26 |       0 |   0.0
        D:3 |      23 |      19 |  45.2 |       5 |       6 |  54.5
      Sewer |       0 |       2 | 100.0 |       0 |       2 | 100.0
            +---------+---------+-------+---------+---------+-------
